Workbook

Sheet P&L (Budget vs Actual)
A1: Line item | B1: Type | C1: Jul Budget | D1: Aug Budget | E1: Sep Budget | F1: Oct Budget | G1: Nov Budget | H1: Dec Budget | I1: Jan Budget | J1: Feb Budget | K1: Mar Budget | L1: Apr Budget | M1: May Budget | N1: Jun Budget | O1: Jul Actual | P1: Aug Actual | Q1: Sep Actual | R1: Oct Actual | S1: Nov Actual | T1: Dec Actual | U1: Jan Actual | V1: Feb Actual | W1: Mar Actual | X1: Apr Actual | Y1: May Actual | Z1: Jun Actual | AA1: Jul Var $ | AB1: Aug Var $ | AC1: Sep Var $ | AD1: Oct Var $ | AE1: Nov Var $ | AF1: Dec Var $ | AG1: Jan Var $ | AH1: Feb Var $ | AI1: Mar Var $ | AJ1: Apr Var $ | AK1: May Var $ | AL1: Jun Var $ | AM1: Jul Var % | AN1: Aug Var % | AO1: Sep Var % | AP1: Oct Var % | AQ1: Nov Var % | AR1: Dec Var % | AS1: Jan Var % | AT1: Feb Var % | AU1: Mar Var % | AV1: Apr Var % | AW1: May Var % | AX1: Jun Var %
A2: Revenue | B2: Revenue | AA2: =O2-C2 | AB2: =P2-D2 | AC2: =Q2-E2 | AD2: =R2-F2 | AE2: =S2-G2 | AF2: =T2-H2 | AG2: =U2-I2 | AH2: =V2-J2 | ... AL2: =Z2-N2 | AM2: =IFERROR(AA2/C2,0) | AN2: =IFERROR(AB2/D2,0) | AO2: =IFERROR(AC2/E2,0) | AP2: =IFERROR(AD2/F2,0) | AQ2: =IFERROR(AE2/G2,0) | AR2: =IFERROR(AF2/H2,0) | AS2: =IFERROR(AG2/I2,0) | AT2: =IFERROR(AH2/J2,0) | ... AX2: =IFERROR(AL2/N2,0)
A3: Direct Costs (COGS) | B3: COGS | AA3: =O3-C3 | AB3: =P3-D3 | AC3: =Q3-E3 | AD3: =R3-F3 | AE3: =S3-G3 | AF3: =T3-H3 | AG3: =U3-I3 | AH3: =V3-J3 | ... AL3: =Z3-N3 | AM3: =IFERROR(AA3/C3,0) | AN3: =IFERROR(AB3/D3,0) | AO3: =IFERROR(AC3/E3,0) | AP3: =IFERROR(AD3/F3,0) | AQ3: =IFERROR(AE3/G3,0) | AR3: =IFERROR(AF3/H3,0) | AS3: =IFERROR(AG3/I3,0) | AT3: =IFERROR(AH3/J3,0) | ... AX3: =IFERROR(AL3/N3,0)
A4: Gross Profit | B4: Calc | C4: =C2-C3 | D4: =D2-D3 | E4: =E2-E3 | F4: =F2-F3 | G4: =G2-G3 | H4: =H2-H3 | I4: =I2-I3 | J4: =J2-J3 | ... Z4: =Z2-Z3 | AA4: =O4-C4 | AB4: =P4-D4 | AC4: =Q4-E4 | AD4: =R4-F4 | AE4: =S4-G4 | AF4: =T4-H4 | AG4: =U4-I4 | AH4: =V4-J4 | ... AL4: =Z4-N4
A5: Gross Profit % | B5: Calc | C5: =IFERROR(C4/C2,0) | D5: =IFERROR(D4/D2,0) | E5: =IFERROR(E4/E2,0) | F5: =IFERROR(F4/F2,0) | G5: =IFERROR(G4/G2,0) | H5: =IFERROR(H4/H2,0) | I5: =IFERROR(I4/I2,0) | J5: =IFERROR(J4/J2,0) | ... Z5: =IFERROR(Z4/Z2,0)
A6: Overheads (Total) | B6: Overheads | AA6: =O6-C6 | AB6: =P6-D6 | AC6: =Q6-E6 | AD6: =R6-F6 | AE6: =S6-G6 | AF6: =T6-H6 | AG6: =U6-I6 | AH6: =V6-J6 | ... AL6: =Z6-N6 | AM6: =IFERROR(AA6/C6,0) | AN6: =IFERROR(AB6/D6,0) | AO6: =IFERROR(AC6/E6,0) | AP6: =IFERROR(AD6/F6,0) | AQ6: =IFERROR(AE6/G6,0) | AR6: =IFERROR(AF6/H6,0) | AS6: =IFERROR(AG6/I6,0) | AT6: =IFERROR(AH6/J6,0) | ... AX6: =IFERROR(AL6/N6,0)
A7: EBITDA / Net Profit (before tax) | B7: Calc | C7: =C4-C6 | D7: =D4-D6 | E7: =E4-E6 | F7: =F4-F6 | G7: =G4-G6 | H7: =H4-H6 | I7: =I4-I6 | J7: =J4-J6 | ... Z7: =Z4-Z6 | AA7: =O7-C7 | AB7: =P7-D7 | AC7: =Q7-E7 | AD7: =R7-F7 | AE7: =S7-G7 | AF7: =T7-H7 | AG7: =U7-I7 | AH7: =V7-J7 | ... AL7: =Z7-N7 | AM7: =IFERROR(AA7/C7,0) | AN7: =IFERROR(AB7/D7,0) | AO7: =IFERROR(AC7/E7,0) | AP7: =IFERROR(AD7/F7,0) | AQ7: =IFERROR(AE7/G7,0) | AR7: =IFERROR(AF7/H7,0) | AS7: =IFERROR(AG7/I7,0) | AT7: =IFERROR(AH7/J7,0) | ... AX7: =IFERROR(AL7/N7,0)

Sheet KPI Scorecard
A1: KPI | B1: Type (Lead/Lag) | C1: Target | D1: Unit | E1: Owner | F1: Jul | G1: Aug | H1: Sep | I1: Oct | J1: Nov | K1: Dec | L1: Jan | M1: Feb | N1: Mar | O1: Apr | P1: May | Q1: Jun
A2: Leads / enquiries | B2: Lead | D2: count
A3: Quote conversion % | B3: Lead | D3: %
A4: Average sale value | B4: Lead | D4: $
A5: Gross profit % | B5: Lag | D5: %
A6: Labour % of sales | B6: Lag | D6: %
A7: Debtor days (DSO) | B7: Lag | D7: days
A8: WIP / Stock days (if relevant) | B8: Lag | D8: days

Sheet Dashboard
A1: Management Accounts Dashboard (simple)
A3: Latest month (enter) | B3: Jun | D3: Helper: month index | E3: =MATCH(B3,'P&L (Budget vs Actual)'!$A$1:$ZZ$1,0)
A5: Revenue (Actual) | B5: =INDEX('P&L (Budget vs Actual)'!$A:$ZZ,2,$E$3)
A6: Gross Profit % (Actual) | B6: =INDEX('P&L (Budget vs Actual)'!$A:$ZZ,5,$E$3)
A7: Net Profit (Actual) | B7: =INDEX('P&L (Budget vs Actual)'!$A:$ZZ,7,$E$3)
A8: Overheads (Actual) | B8: =INDEX('P&L (Budget vs Actual)'!$A:$ZZ,6,$E$3)

Sheet How to use
A1: How to use this workbook
A3: 1) Enter your monthly Budget and Actual numbers in the P&L sheet (yellow cells).
A4: 2) Review variances ($ and %) to identify your top issues/opportunities.
A5: 3) Update key driver KPIs in the KPI Scorecard.
A6: 4) Use the Dashboard for a quick view of the latest month.
A8: Tip: If you don’t have a budget yet, start with last year’s month as a placeholder, then improve over time.
